 Dungeon Crawl Stone Soup version 0.26-a0-639-g72c4674329 (webtiles) character file.

Game seed: 11193513396550403140

510 Borgoz the Skirmisher (level 7, -9/44 HPs)
             Began as a Gargoyle Berserker on Sept 18, 2020.
             Was a Believer of Trog.
             Killed from afar by Pikel (11 damage)
             ... with a puff of flame
             ... on level 4 of the Dungeon.
             The game lasted 00:04:39 (3380 turns).

Borgoz the Skirmisher (Gargoyle Berserker)          Turns: 3380, Time: 00:04:40

Health: -9/44      AC: 10    Str: 21    XL:     7   Next: 19%
Magic:  7/7        EV: 13    Int:  7    God:    Trog [**....]
Gold:   304        SH:  0    Dex: 11    Spells: 6/6 levels left

rFire    . . .     SeeInvis .   m - +0 morningstar
rCold    . . .     Faith    .   (no shield)
rNeg     + . .     Spirit   .   b - +0 animal skin
rPois    ∞         Reflect  .   (no helmet)
rElec    +         Harm     .   o - +2 cloak
rCorr    .         Rampage  .   (no gloves)
MR       ++...                  (no boots)
Stlth    +.........             k - amulet of regeneration (curse)
HPRegen  1.54/turn              q - ring of flight
MPRegen  0.10/turn              (no ring)

@: berserk cooldown, regenerating, slowed, very slow
A: negative energy resistance 1, electricity resistance, unbreathing,
petrification resistance, rot immunity, AC +4
a: Berserk, Trog's Hand, Renounce Religion, Evoke Flight


You were on level 4 of the Dungeon.
You worshipped Trog.
Trog was pleased with you.
You visited 1 branch of the dungeon, and saw 4 of its levels.

You collected 304 gold pieces.

Inventory:

Hand Weapons
 m - a +0 morningstar (weapon)
Armour
 b - a +0 animal skin (worn)
 o - a +2 cloak (worn)
Jewellery
 k - a cursed amulet of regeneration (around neck)
 q - a ring of flight (left hand)
 t - an uncursed amulet of guardian spirit
Wands
 g - a wand of polymorph (9)
Scrolls
 a - a scroll of enchant armour
 d - 4 scrolls of teleportation
 f - 3 scrolls of fear {unknown}
 l - 2 scrolls of remove curse {unknown}
 n - 2 scrolls of fog {unknown}
 s - a scroll of magic mapping
Potions
 c - a potion of degeneration
 h - 3 potions of mutation
 i - a potion of berserk rage
 j - 4 potions of resistance
 p - a potion of lignification {unknown}


   Skills:
 + Level 5.2 Fighting
 + Level 4.6 Maces & Flails
 + Level 4.5 Armour
 + Level 3.3 Dodging


You had 6 spell levels left.
You didn't know any spells.
Your spell library was empty.

Dungeon Overview and Level Annotations

Branches:
Dungeon (4/15)
 Temple: D:4-7

Altars:
Okawaru

Annotations:
D:4 Pikel


Innate Abilities, Weirdness & Mutations

You are resistant to torment.
Your stone body is resilient. (AC +4)
You are immune to poison.
You resist negative energy. (rN+)
You are resistant to electric shocks. (rElec)
You can survive without breathing.
You are immune to petrification.
You are immune to rotting.


Message History

Pikel says, "Time is money, and you're costing me too much!"
Pikel hits you but does no damage.
Your skin crawls.
You feel resistant to hostile enchantments.
The lemure hits you.
* * * LOW HITPOINT WARNING * * *
Pikel zaps a wand.
The puff of flame hits you.
* * * LOW HITPOINT WARNING * * *
The lemure hits you.
* * * LOW HITPOINT WARNING * * *
Pikel misses you.
Okay, then.
You feel better. The lemure hits you.
Pikel zaps a wand.
The puff of flame hits you.
* * * LOW HITPOINT WARNING * * *
Okay, then.
Pikel zaps a wand.
The puff of flame hits you!
* * * LOW HITPOINT WARNING * * *
The lemure barely misses you.
Pikel zaps a wand.
The puff of flame hits you!
You die...

# ##.#..........# #.##.#
# #.#..........#
#.##.### #............#
#.##....
##.###+#########
#.###### #..............
#.#
##########..............
#.#
........................
#.#
.#########.....K5.......
.##.............@♣P.....
.##..........#+..♣P..###
.##.(......#.#........#
#.#
.##........#...#[.♣♣..##
#.#
.##....................#
#.# #
.##....................#
#.# #
'##....................#
#.# #.#
.......................#
#.# #.#
..............>........#
#.# #.#


You could see Pikel and a lemure.

Vanquished Creatures
  An ogre (D:4)
  3 lemures (D:4)
  2 orc priests (D:3)
  A hound (D:2)
  A bullfrog skeleton (D:4)
  An orc wizard (D:4)
  A worker ant (D:4)
  A hound skeleton (D:4)
  2 adders
  11 gnolls
  3 shadow imps (D:3)
  A white imp (D:3)
  4 worms
  A dart slug (D:2)
  7 leopard geckos
  5 orcs
  2 ball pythons
  4 giant cockroaches
  3 goblins
  6 hobgoblins
  2 jackals (D:3)
  7 kobolds
  2 quokkas
  6 bats
  3 frilled lizards
  13 rats
93 creatures vanquished.

Vanquished Creatures (others)
  2 plants (D:3)
2 creatures vanquished.

Grand Total: 95 creatures vanquished

Notes
Turn   | Place    | Note
-------+----------+-------------------------------------------
     0 | D:1      | Borgoz the Gargoyle Berserker began the quest for the Orb.
     0 | D:1      | Reached XP level 1. HP: 14/14 MP: 1/1
     0 | D:1      | Noticed a merfolk zombie
    20 | D:1      | Noticed a merfolk zombie
   194 | D:1      | Reached XP level 2. HP: 19/19 MP: 2/2
   690 | D:1      | Reached XP level 3. HP: 21/23 MP: 3/3
  1028 | D:2      | Reached ** piety under Trog
  1114 | D:2      | Reached XP level 4. HP: 24/29 MP: 4/4
  1524 | D:2      | Reached skill level 4 in Fighting
  1809 | D:3      | Found an iron altar of Okawaru.
  1937 | D:3      | Reached XP level 5. HP: 20/33 MP: 5/5
  2059 | D:3      | Found a transporter.
  2077 | D:3      | Found a transporter.
  2559 | D:3      | Reached XP level 6. HP: 23/39 MP: 6/6
  2956 | D:4      | Reached skill level 5 in Fighting
  3074 | D:4      | Reached XP level 7. HP: 40/44 MP: 7/7
  3349 | D:4      | Noticed Pikel
  3380 | D:4      | HP: 2/44 [Pikel/puff of flame (9)]
  3380 | D:4      | Killed from afar by Pikel

Illustrated notes

Levels and vault maps discovered:
D:1:      shiori_arrival_whats_in_store_for_you, layout_rooms,
          minmay_rat_gold_closets
D:2:      layout_basic
D:3:      gammafunk_wand_slinger, layout_basic, lemuel_round_altar,
          minmay_divided_ellipse
D:4:      layout_basic, serial_park_tiny_2, uniq_pikel

Skill      XL: |  1  2  3  4  5  6 |
---------------+-------------------+-----
Dodging        | 2 3 |  3.3
Armour         | 3 4 |  4.5
Fighting       | 4 5 |  5.2
Maces & Flails | 4 |  4.6

Action                   |  1- 3 |  4- 6 |  7- 9 || total
-------------------------+-------+-------+-------++-------
Melee: Mace              |   123 |     1 |       ||   124
       Morningstar       |       |   174 |    41 ||   215
Invok: Berserk           |     1 |     4 |     1 ||     6
       Trog's Hand       |       |     3 |     1 ||     4
 Abil: Evoke Flight      |       |     2 |       ||     2
       Stop Flying       |       |     1 |       ||     1
  Use: Scroll            |       |     9 |     1 ||    10
       Potion            |       |     1 |     1 ||     2
 Stab: Sleeping          |     1 |       |       ||     1
Armor: Animal skin       |    41 |    76 |    31 ||   148
Dodge: Dodged            |   102 |   144 |    32 ||   278

Table legend: (Time is in decaauts)
 A = Elapsed time spent in this place.
 B = Non-inter-level travel time spent in this place.
 C = Inter-level travel time spent in this place.
 D = Time resting spent in this place.
 E = Time spent auto-exploring this place.
 F = Levels seen in this place.
 G = Mean time per level.
                   A        B        C        D        E       F      G
               +--------+--------+--------+--------+--------+-----+--------+
         Total |   3512 |   3475 |     37 |     89 |   2592 |   4 |  878.0 |
       Dungeon |   3512 |   3475 |     37 |     89 |   2592 |   4 |  878.0 |
               +--------+--------+--------+--------+--------+-----+--------+

Top non-repeatable levels by time:
     D:1: 1022 daAuts
     D:3: 914 daAuts
     D:4: 795 daAuts
     D:2: 779 daAuts
